 Dungeon Crawl Stone Soup version 0.31-a0-277-g31ea1f65cc (webtiles) character file.

Game seed: 9964364311225241469

4 Shard1697 the Trooper (level 1, -3/19 HPs)
             Began as a Draconian Cinder Acolyte on July 15, 2023.
             Was a High Priest of Ignis.
             Frozen to death by an endoplasm (5 damage)
             ... on level 1 of the Dungeon.
             The game lasted 00:01:09 (285 turns).

Shard1697 the Trooper (Draconian Cinder Acolyte)     Turns: 285, Time: 00:01:09

Health: -3/19      AC:  4    Str: 16    XL:     1   Next: 50%
Magic:  2/2        EV: 11    Int: 14    God:    Ignis [*****.]
Gold:   11         SH:  0    Dex:  6    Spells: 2/2 levels left

rFire   + . .        a - -1 mace (flame)
rCold   . . .        (no shield)
rNeg    . . .        (body armour unavailable)
rPois   .            (helmet restricted)
rElec   .            (no cloak)
rCorr   .            (no gloves)
SInv    .            (no boots)
Will    .....        (no amulet)
Stlth   +            (no ring)
HPRegen 0.23/turn    (no ring)
MPRegen 0.08/turn

%: no passive effects
@: slowed, very slow
A: AC +4, unfitting armour, cold-blooded
a: Renounce Religion, Fiery Armour, Foxfire Swarm, Rising Flame


You were on level 1 of the Dungeon.
You worshipped Ignis.
Ignis was extremely pleased with you.
You visited 1 branch of the dungeon, and saw 1 of its levels.

You collected 11 gold pieces.

Inventory:

Hand Weapons
 a - a -1 mace of flaming (weapon)
Missiles
 b - a throwing net
Scrolls
 c - a scroll of identify {unknown}


   Skills:
 - Level 3.2 Fighting
 - Level 3.0 Maces & Flails
 + Level 1.2 Spellcasting
 + Level 3.1 Fire Magic


You had 2 spell levels left.
You didn't know any spells.
Your spell library contained the following spells:

 Spells                   Type           Power      Damage    Failure   Level
 Scorch                   Fire           18%        2d5       11%         2


Dungeon Overview and Level Annotations

Branches:
Dungeon (1/15)

Altars:


Innate Abilities, Weirdness & Mutations

Your plain brown scales are hard. (AC +4)
You cannot fit into any form of body armour.
You are cold-blooded and may be slowed by cold attacks.


Message History

An endoplasm is nearby!
A frilled lizard comes into view.
The endoplasm quivers.
The frilled lizard hisses angrily.
You hit the endoplasm but do no damage. The endoplasm freezes you.
You are frozen.
You feel yourself slow down. The endoplasm misses you.
You barely miss the endoplasm. You tail-slap the endoplasm.
The endoplasm is heavily wounded.
The endoplasm barely misses you.
You hit the endoplasm but do no damage.
The endoplasm is heavily wounded.
The endoplasm misses you. The frilled lizard barely misses you.
The endoplasm freezes you.
You are frozen.
You feel as though you will be slow longer.
The frilled lizard barely misses you.
You are too injured to fight recklessly!
You are too injured to fight recklessly!
You are too injured to fight recklessly!
You are too injured to fight recklessly!
You are too injured to fight recklessly!
You are too injured to fight recklessly!
You are too injured to fight recklessly!
You barely miss the frilled lizard.
The frilled lizard bites you but does no damage.
The endoplasm freezes you.
You are frozen.
You feel as though you will be slow longer.
The frilled lizard bites you. The endoplasm freezes you.
You are frozen.
* * * LOW HITPOINT WARNING * * *
The endoplasm attacks as you move away!
The endoplasm hits you but does no damage.
The frilled lizard attacks as you move away!
The frilled lizard bites you but does no damage.
The endoplasm freezes you.
You are frozen.
You die...

#########.#####..
#...............#
#.####.#####.##.#
##.####.# #.##.##
........# #.....#
#.#####.# #.##..##
#.#
#...#####......######
#.#
#.#........#.Jl......
#)#
#.########.#@#.######
#.# #.###### #.#.#.#
#.# #......# .....#
#.# ######.# ##.###
#[# #.# #.# #.# #.#
#.# #.# #.# #.# #.#


You could see an endoplasm and a frilled lizard.

Vanquished Creatures
  A goblin (D:1)
  2 ball pythons (D:1)
  A rat (D:1)
4 creatures vanquished.

Notes
Turn   | Place    | Note
-------+----------+-------------------------------------------
     0 | D:1      | Shard1697 the Draconian Cinder Acolyte began the quest for
                  | the Orb.
     0 | D:1      | Reached XP level 1. HP: 19/19 MP: 2/2
   235 | D:1      | Found a faded altar of an unknown god.
   285 | D:1      | Frozen to death by an endoplasm

Illustrated notes

Levels and vault maps discovered:
D:1:      spicycebolla_arrival_clurvy, layout_loops_ring,
          shapermc_ecumenical_altar_mp_ritualfount, grunt_decor_fettered

Action                     || total
---------------------------++-------
  Melee: Mace              ||    12
         Tailslap          ||     2
 Armour: Skin              ||     7
  Dodge: Dodged            ||    11

Table legend: (Time is in decaauts)
 A = Elapsed time spent in this place.
 B = Non-inter-level travel time spent in this place.
 C = Inter-level travel time spent in this place.
 D = Time resting spent in this place.
 E = Time spent auto-exploring this place.
 F = Levels seen in this place.
 G = Mean time per level.
                   A        B        C        D        E       F      G
               +--------+--------+--------+--------+--------+-----+--------+
         Total |    289 |    289 |      0 |      0 |    236 |   1 |  289.0 |
       Dungeon |    289 |    289 |      0 |      0 |    236 |   1 |  289.0 |
               +--------+--------+--------+--------+--------+-----+--------+

Top non-repeatable levels by time:
     D:1: 289 daAuts
